 Dungeon Crawl Stone Soup version 0.30.1-4-g462c640d31 (webtiles) character file.

Game seed: 15417172611539222005

1528 Nick1 the Chopper (level 9, -1/69 HPs)
             Began as a Formicid Fighter on Sept 15, 2023.
             Slain by a jelly (2 damage)
             ... on level 5 of the Dungeon.
             The game lasted 00:21:52 (3585 turns).

Nick1 the Chopper (Formicid Fighter)                Turns: 3585, Time: 00:21:53

Health: -1/69      AC: -9    Str: 30    XL:     9   Next: 10%
Magic:  9/9        EV:  7    Int:  6    God:
Gold:   344        SH:  5    Dex: 10    Spells: 8/8 levels left

rFire   . . .        a - +0 war axe
rCold   . . .        c - +0 buckler
rNeg    . . .        e - +0 plate armour
rPois   .            (helmet unavailable)
rElec   .            y - +1 cloak {Stlth+}
rCorr   .            r - +1 pair of gloves
SInv    +            x - +0 pair of boots
Will    .....        (no amulet) Stlth
                     p - ring of flight
HPRegen 0.31/turn    (no ring)
MPRegen 0.11/turn

%: no passive effects
@: corroded, flying
A: permanent stasis, dig shafts and tunnels, antennae 3, four strong arms,
clumsy 1, strong 1
a: Dig, Shaft Self


You were on level 5 of the Dungeon.
You visited 2 branches of the dungeon, and saw 6 of its levels.

You collected 344 gold pieces.

Inventory:

Hand Weapons
 a - a +0 war axe (weapon)
 z - a +1 hand axe of venom
Missiles
 A - a boomerang (quivered)
Armour
 b - a +0 scale mail
 c - a +0 buckler (worn)
 d - a +1 scale mail of poison resistance
 e - a +0 plate armour (worn)
 r - a +1 pair of gloves (worn)
 x - a +0 pair of boots (worn)
 y - a +1 cloak of stealth (worn)
Jewellery
 p - a ring of flight (left hand)
 q - an amulet of faith
Wands
 m - a wand of flame (18)
 t - a wand of roots (11)
Scrolls
 g - a scroll of vulnerability
 i - a scroll of fog {unknown}
 j - 2 scrolls of immolation
 k - a scroll of enchant armour {unknown}
 n - a scroll of blinking {unknown}
 o - a scroll of fear
 s - 2 scrolls of enchant weapon
 w - a scroll of amnesia {unknown}
 B - a scroll of noise {unknown}
 C - a scroll of poison {unknown}
Potions
 f - a potion of curing
 h - a potion of mutation
 l - 3 potions of heal wounds
 u - a potion of magic
 v - a potion of lignification
 D - a potion of flight {unknown}


   Skills:
 * Level 6.1 Fighting
 * Level 7.6 Axes
 + Level 0.1 Throwing
 * Level 5.5 Armour
 + Level 1.1 Dodging
 + Level 0.4 Stealth
 * Level 6.8 Shields


You had 8 spell levels left.
You didn't know any spells.
Your spell library contained the following spells:

 Spells                   Type           Power      Damage    Failure   Level
 Beastly Appendage        Tmut           0%         N/A       99%         1
 Magic Dart               Conj           0%         1d3       99%         1
 Sandblast                Erth           0%         2d4       99%         1
 Call Imp                 Summ           0%         N/A       100%        2
 Lesser Beckoning         Tloc           0%         N/A       100%        2
 Momentum Strike          Conj/Tloc      0%         3d8       100%        2
 Passwall                 Tmut/Erth      0%         N/A       100%        2
 Wereblood                Tmut           0%         N/A       100%        2
 Mephitic Cloud           Conj/Pois/Air  0%         N/A       100%        3
 Spider Form              Tmut/Pois      0%         N/A       100%        3
 Stone Arrow              Conj/Erth      0%         3d7       100%        3
 Anguish                  Hex/Necr       0%         N/A       100%        4
 Cause Fear               Hex            0%         N/A       100%        4
 Enfeeble                 Hex            0%         N/A       100%        7
 Blink                    Tloc           Unusable   N/A       N/A         2

Dungeon Overview and Level Annotations

Branches:
Dungeon (5/15)             Temple (1/1) D:5

Altars:
Ashenzari
Cheibriados
Dithmenos
Elyvilon
Fedhas
Gozag
Hepliaklqana
Makhleb
Nemelex Xobeh
Qazlal
Ru
Sif Muna
Uskayaw
Vehumet
Wu Jian
Xom
Yredelemnul
Zin
The Shining One


Innate Abilities, Weirdness & Mutations

You cannot be hasted, slowed, berserked, paralysed or teleported.
You can dig through walls and to a lower floor.
You have a pair of large antennae on your head. (SInv)
Your four strong arms can wield two-handed weapons with a shield.
You are clumsy. (Dex -2)
Your muscles are strong. (Str +4, Int/Dex -1)


Message History

The jelly is almost dead.
You block the jelly's attack.
You hit the jelly but do no damage. The acid corrodes you!
Your hands burn!
The jelly is almost dead.
The jelly hits you.
You are splashed with acid!
The jelly hits you.
You are splashed with acid!
You hit the jelly but do no damage. The acid corrodes you!
Your hands burn!
* * * LOW HITPOINT WARNING * * *
The jelly is almost dead.
The jelly barely misses you.
You feel much better. You block the jelly's attack.
You hit the jelly but do no damage.
Your hands burn!
The jelly is almost dead.
The jelly hits you. The acid corrodes you!
You are splashed with acid!
You barely miss the jelly.
The jelly is almost dead.
The jelly hits you.
You are splashed with acid!
You barely miss the jelly.
The jelly is almost dead.
The jelly hits you.
* * * LOW HITPOINT WARNING * * *
The acid corrodes you!
You are splashed with acid!
* * * LOW HITPOINT WARNING * * *
Unknown command.
Okay, then.
The jelly attacks as you move away! The jelly barely misses you.
The jelly attacks as you move away! You block the jelly's attack.
The jelly attacks as you move away! You block the jelly's attack.
The jelly attacks as you move away! You block the jelly's attack.
The jelly attacks as you move away! The jelly hits you.
* * * LOW HITPOINT WARNING * * *
You are splashed with acid!
* * * LOW HITPOINT WARNING * * *
The jelly attacks as you move away! The jelly closely misses you.
The jelly attacks as you move away! The jelly hits you.
* * * LOW HITPOINT WARNING * * *
The acid corrodes you!
You are splashed with acid!
* * * LOW HITPOINT WARNING * * *
The jelly attacks as you move away! The jelly hits you.
You die...

.{~.##.{..........#.....##
.≈...##.{##o.......#..>.#
..
.≈..f.#..#.........##....#
..
~..~..#####........##...##
.. ####...#
#.f.....###..##.## ..
.8$)#^.# #.......###.#....#
.. ...) #~.#
##.......#.....).## #. ###.
#.####....J....#####).##...
##
{.#......@####.###†).....#
{
#.#.......###.....)<)#.#.#
#.#........)....##....## #
{{ {#.#.....##.#.########.#
# ##.#.....##...# ..# .
#..#...####.#..# ..# .
#...## #....... ... .
#...## ##...#..# ..#.#
##....# ..####.. #####


You could see a sleepcap, a jelly and an orc.

Vanquished Creatures
  Duvessa (D:4)
  A black bear (D:5)
  An ice beast (D:5)
  An ogre (D:5)
  2 centaurs (D:5)
  2 phantoms
  4 scorpions
  Dowan (D:4)
  A gnoll bouda (D:4)
  An orc priest (D:5)
  5 hounds
  An iguana (D:5)
  Crazy Yiuf (D:4)
  2 orc wizards (D:5)
  Robin (D:2)
  4 gnolls (D:4)
  12 adders
  3 worms
  5 dart slugs
  10 orcs
  9 endoplasms
  5 giant cockroaches
  12 hobgoblins
  4 jackals (D:1)
  5 kobolds
  2 quokkas
  5 ball pythons
  2 bats (D:2)
  2 frilled lizards (D:1)
  11 goblins
  2 rats
118 creatures vanquished.

Notes
Turn   | Place    | Note
-------+----------+-------------------------------------------
     0 | D:1      | Nick1 the Formicid Fighter began the quest for the Orb.
     0 | D:1      | Reached XP level 1. HP: 18/18 MP: 1/1
    24 | D:1      | Found a faded altar of an unknown god.
    91 | D:1      | Reached XP level 2. HP: 24/24 MP: 2/2
   510 | D:1      | Reached XP level 3. HP: 29/29 MP: 3/3
   866 | D:2      | Noticed Robin
   877 | D:2      | Killed Robin
   920 | D:2      | Reached XP level 4. HP: 20/37 MP: 4/4
  1207 | D:2      | Reached skill level 3 in Axes
  1450 | D:2      | Reached skill level 1 in Dodging
  1739 | D:3      | Reached XP level 5. HP: 42/42 MP: 5/5
  2196 | D:4      | Noticed a phantom
  2215 | D:4      | Killed a phantom
  2216 | D:4      | Reached XP level 6. HP: 22/49 MP: 6/6
  2244 | D:4      | Found a runed translucent door.
  2332 | D:4      | Reached skill level 4 in Axes
  2367 | D:4      | Gained mutation: You are clumsy. (Dex -2) [potion of
                  | mutation]
  2367 | D:4      | Gained mutation: Your muscles are strong. (Str +4, Int/Dex
                  | -1) [potion of mutation]
  2430 | D:4      | Noticed Duvessa
  2434 | D:4      | Noticed Dowan
  2438 | D:4      | Killed Duvessa
  2439 | D:4      | Reached skill level 5 in Shields
  2446 | D:4      | Killed Dowan
  2447 | D:4      | Reached XP level 7. HP: 46/55 MP: 7/7
  2549 | D:4      | Reached skill level 5 in Axes
  2594 | D:4      | Reached skill level 5 in Fighting
  2704 | D:4      | Noticed Crazy Yiuf
  2736 | D:4      | Found a snail-covered altar of Cheibriados.
  2922 | D:4      | Killed Crazy Yiuf
  2951 | D:5      | Entered Level 5 of the Dungeon
  2959 | D:5      | Reached XP level 8. HP: 17/62 MP: 8/8
  2965 | D:5      | Reached skill level 6 in Axes
  2967 | D:5      | Reached skill level 5 in Armour
  3172 | D:5      | Reached skill level 7 in Axes
  3221 | D:5      | Found a staircase to the Ecumenical Temple.
  3232 | Temple   | Entered the Ecumenical Temple
  3497 | D:5      | Reached XP level 9. HP: 69/69 MP: 9/9
  3583 | D:5      | HP: 1/69 [acid (7)]
  3585 | D:5      | Slain by a jelly

Illustrated notes

Levels and vault maps discovered:
D:1:      sevenhm_arrival_forest_fort_small_4, layout_basic,
          ebering_ecumenical_altar_webs
D:2:      layout_basic, serial_corexii_hall, corexii_hall_statues_x,
          chequers_hall_statues_wall_a, minmay_misc_feat_nine_boxes, uniq_robin
D:3:      layout_rooms, minivault_27
D:4:      layout_cave_pools, cheibrodos_worm_habitat, corexii_corridor_pit,
          st_stairs_10, chequers_serial_rivers_micro_d,
          minmay_misc_feat_pillars, minmay_bisected, uniq_duvessa,
          uniq_crazy_yiuf_cottage
D:5:      layout_cave_pools, minmay_temple_entry_wispy, nzn_random_ring
Temple:   dpeg_five_rooms_temple

Skill      XL: |  1  2  3  4  5  6  7  8  9 |
---------------+----------------------------+-----
Axes           | 3 4 5 7 |  7.6
Dodging        | 1 |  1.1
Fighting       | 4 5 6 |  6.1
Armour         | 4 5 |  5.5
Shields        | 5 6 |  6.8
Throwing       | |  0.1
Stealth        | |  0.4

Action                     |  1- 3 |  4- 6 |  7- 9 || total
---------------------------+-------+-------+-------++-------
  Melee: War axe           |    67 |   107 |   187 ||   361
  Throw: Boomerang         |       |       |     6 ||     6
    Use: Scroll            |     1 |     5 |     5 ||    11
         Potion            |       |     2 |     3 ||     5
 Armour: Scale mail        |    27 |     9 |       ||    36
         Plate armour      |       |    57 |   132 ||   189
  Dodge: Dodged            |    33 |    32 |    66 ||   131
  Block: Buckler           |    18 |    27 |    54 ||    99
